 Dungeon Crawl Stone Soup version 0.17.0-73-gb648821 (webtiles) character file.

1465 dorian the Destroyer (level 8, -7/46 HPs)
             Began as an Octopode Conjurer on Dec 10, 2015.
             Killed from afar by a big kobold (13 damage)
             ... with a wand of cold
             ... on level 6 of the Dungeon.
             The game lasted 00:12:42 (6723 turns).

dorian the Destroyer (Octopode Conjurer)            Turns: 6723, Time: 00:12:42

Health: -7/46      AC:  3    Str:  7    XL:     8   Next: 77%
Magic:  1/16       EV: 12    Int: 20    God:
Gold:   236        SH:  0    Dex: 12    Spells: 3 memorised, 11 levels left

rFire  . . .     SeeInvis .     s - +0 short sword (elec)
rCold  . . .     Clarity  .     (no shield)
rNeg   . . .     SustAt   .     (helmet restricted)
rPois  .         Gourm    .     p - amulet of rage
rElec  .         Spirit   .     q - +2 ring of protection
rCorr  .         Warding  .     O - ring of flight
rMut   .         Stasis   .     (no ring)
MR     .....                    (no ring)
Stlth  +++.......               (no ring)
                                (no ring)
                                (no ring)
                                (no ring)

@: not resistant to hostile enchantments, fairly stealthy
A: almost no armour, amphibious, 8 rings, constrict 8, camouflage 1, gelatinous
body 1
a: Evoke Berserk Rage, Evoke Flight


You were on level 6 of the Dungeon.
You were not hungry.

You visited 2 branches of the dungeon, and saw 7 of its levels.

You collected 236 gold pieces.

Inventory:

Hand Weapons
 d - a +1 dagger of venom
 f - a +0 spear of piercing
 s - a +0 short sword of electrocution (weapon)
 v - a +0 blowgun
Missiles
 k - 4 curare-tipped needles
 w - 31 poisoned needles
 B - 7 poisoned javelins (quivered)
Jewellery
 p - an amulet of rage (around mantle)
 q - a +2 ring of protection (left tentacle)
 N - an uncursed amulet of guardian spirit
 O - a ring of flight (right tentacle)
Wands
 l - a wand of flame (11)
 A - a wand of slowing (26)
 H - a wand of polymorph (13)
 Q - a wand of flame (41)
Scrolls
 c - 2 scrolls of random uselessness
 e - a scroll of teleportation
 m - 2 scrolls of remove curse
 o - 2 scrolls of noise
 y - 2 scrolls of identify
 D - a scroll of enchant weapon {unknown}
 E - a scroll of fog
 G - a scroll of blinking {unknown}
 P - a scroll of silence {unknown}
Potions
 g - a potion of magic
 h - 3 potions of brilliance
 i - a potion of lignification
 j - a potion of agility
 t - a potion of resistance {unknown}
 u - 2 potions of heal wounds
 x - a potion of poison {unknown}
 z - a potion of invisibility {unknown}
 K - a potion of berserk rage {unknown}
 L - 2 potions of degeneration {unknown}
Books
 a - a book of Conjurations

   Spells                             Type                      Level
   a - Magic Dart                     Conjuration                  1
   b - Searing Ray                    Conjuration                  2
   c - Dazzling Spray                 Conjuration/Hexes            3
   d - Fulminant Prism                Conjuration/Hexes            4
   e - Iskenderun's Mystic Blast      Conjuration                  4
   f - Iskenderun's Battlesphere      Conjuration/Charms           5
 n - a book of Necromancy

   Spells                             Type                      Level
   a - Pain                           Necromancy                   1
   b - Animate Skeleton               Necromancy                   1
   c - Vampiric Draining              Necromancy                   3
   d - Regeneration                   Charms/Necromancy            3
   e - Animate Dead                   Necromancy                   4
   f - Control Undead                 Necromancy                   4
 M - a book of Spatial Translocations

   Spells                             Type                      Level
   a - Apportation                    Translocation                1
   b - Blink                          Translocation                2
   c - Shroud of Golubria             Charms/Translocation         2
   d - Portal Projectile              Translocation                3
   e - Teleport Other                 Translocation                3
   f - Passage of Golubria            Translocation                4
Comestibles
 b - 5 bread rations
 r - 2 slices of pizza
 C - 4 meat rations
 F - 3 fruits
 I - 2 royal jellies
 J - 12 chunks of flesh


   Skills:
 - Level 2.0 Dodging
 - Level 2.6 Stealth
 + Level 5.9 Spellcasting
 * Level 9.5 Conjurations


You had 11 spell levels left.
You knew the following spells:

 Your Spells              Type           Power        Failure   Level  Hunger
a - Magic Dart            Conj           ####         1%          1    None
b - Searing Ray           Conj           #####.       1%          2    None
c - Iskenderun's Mystic   Conj           #####...     1%          4    ####...


Dungeon Overview and Level Annotations

Branches:
Dungeon (6/15)             Temple (1/1) D:6

Altars:
Ashenzari
Cheibriados
Dithmenos
Fedhas
Gozag
Kikubaaqudgha
Makhleb
Okawaru
Ru
Sif Muna
Trog
Yredelemnul
Zin
The Shining One

Shops:
D:4 *


Innate Abilities, Weirdness & Mutations

You cannot wear most types of armour.
You are amphibious.
You can wear up to eight rings at the same time.
You can use your tentacles to constrict eight enemies at once.
Your skin changes colour to match your surroundings (Stealth).
Your rubbery body absorbs attacks (AC +1).


Message History

Your grab misses the big kobold.
The big kobold is severely wounded.
The big kobold hits you but does no damage.
You barely miss the big kobold. Your grab misses the big kobold.
Your squeeze misses the big kobold.
The big kobold is severely wounded.
The big kobold zaps a wand.
The bolt of cold misses you. The big kobold hits you.
You hit the big kobold. Your grab misses the big kobold.
The big kobold is almost dead.
The big kobold zaps a wand.
The bolt of cold hits you!
* * * LOW HITPOINT WARNING * * *
You are too injured to fight recklessly!
You are too injured to fight recklessly!
You hit the big kobold but do no damage.
You grab the big kobold.
The big kobold is almost dead.
You constrict the big kobold.
The big kobold zaps a wand.
The bolt of cold hits you!
You die...

.# ##.#.#
#.# .# #.#.#
#.# .# #.#.#
.. .# #...#
##### #.# .#
##..# ...#
#.. .# #..#
###.########
#####
.#######..#
#.).....K...
.....
.).)......#
#K#.########
#####
.######...#
#@#.# ##
#.#># #[#.#
# #.###
#(#.# # #.#
#.#.# # #.#
#.#.# # #.#
#.#.# # #.#
#(#.# # #.#
..#.#### #
#.# ###....#


You could see a big kobold.

Vanquished Creatures
  Grinder (D:3)
  Menkaure (D:4)
  An ogre (D:4)
  Purgy (D:3)
  An orc warrior (D:6)
  2 giant frogs (D:6)
  2 giant frog zombies
  2 hounds (D:6)
  A jelly (D:3)
  Terence (D:3)
  5 orc wizards (D:6)
  5 worker ants
  3 hound skeletons
  Robin (D:3)
  6 gnolls
  4 adders
  2 shadow imps
  2 oozes
  2 adder skeletons (D:4)
  3 worms
  5 giant geckos
  22 orcs
  7 bats
  8 hobgoblins
  3 jackals (D:1)
  8 kobolds
  2 quokkas
  4 ball pythons
  4 giant cockroaches
  A giant gecko zombie (D:5)
  3 giant newts
  20 goblins
  A quokka skeleton (D:6)
  2 quokka zombies (D:6)
  4 rats
140 creatures vanquished.

Notes
Turn   | Place    | Note
--------------------------------------------------------------
     0 | D:1      | dorian the Octopode Conjurer began the quest for the Orb.
     0 | D:1      | Reached XP level 1. HP: 11/11 MP: 3/3
   134 | D:1      | Reached XP level 2. HP: 15/17 MP: 1/5
   629 | D:1      | Reached XP level 3. HP: 21/21 MP: 2/6
  1634 | D:3      | Reached XP level 4. HP: 12/27 MP: 3/8
  1924 | D:3      | Reached skill level 5 in Conjurations
  2067 | D:3      | Noticed Robin
  2072 | D:3      | Killed Robin
  2203 | D:3      | Noticed Grinder
  2208 | D:3      | Learned a level 2 spell: Searing Ray
  2294 | D:3      | Reached XP level 5. HP: 31/31 MP: 2/9
  2460 | D:3      | Noticed Terence
  2464 | D:3      | Killed Terence
  2512 | D:3      | Reached skill level 6 in Conjurations
  2634 | D:3      | Found a bloodstained altar of Trog.
  2847 | D:3      | Reached XP level 6. HP: 36/36 MP: 9/11
  3044 | D:3      | Noticed Purgy
  3049 | D:3      | Killed Grinder
  3146 | D:3      | Killed Purgy
  3146 | D:3      | Reached skill level 7 in Conjurations
  3146 | D:3      | Reached XP level 7. HP: 2/41 MP: 1/13
  3543 | D:3      | Learned a level 4 spell: Iskenderun's Mystic Blast
  3620 | D:4      | Noticed Menkaure
  3625 | D:4      | Killed Menkaure
  4147 | D:4      | Reached skill level 5 in Spellcasting
  4147 | D:4      | Reached skill level 8 in Conjurations
  4337 | D:4      | Reached XP level 8. HP: 46/46 MP: 11/15
  4557 | D:4      | Found Uheemy's Assorted Antiques.
  4812 | D:5      | Entered Level 5 of the Dungeon
  5886 | D:6      | Found a deep blue altar of Sif Muna.
  6083 | D:6      | Reached skill level 9 in Conjurations
  6362 | D:6      | Found a staircase to the Ecumenical Temple.
  6377 | Temple   | Entered the Ecumenical Temple
  6723 | D:6      | Killed from afar by a big kobold

Action                   |  1- 3 |  4- 6 |  7- 9 || total
-------------------------+-------+-------+-------++-------
Melee: Unarmed           |     7 |       |       ||     7
       Dagger            |     8 |       |       ||     8
       Spear             |    41 |    34 |    11 ||    86
       Short sword       |       |       |    19 ||    19
Throw: Javelin           |       |     7 |       ||     7
 Cast: Magic Dart        |    54 |    41 |    98 ||   193
       Searing Ray       |       |     7 |    28 ||    35
  Use: Scroll            |       |       |    10 ||    10
       Potion            |       |       |     3 ||     3
 Stab: Sleeping          |     6 |     1 |     1 ||     8
  Eat: Chunk             |     2 |     4 |     6 ||    12
       Pizza             |       |     1 |       ||     1
       Beef jerky        |       |       |     3 ||     3
